 Dungeon Crawl Stone Soup version 0.22-a0-21-g9421e3f (webtiles) character file.

49 GlossyMounting the Skirmisher (level 3, 0/35 HPs)
             Began as a Gnoll Wanderer on Jan 2, 2018.
             Was a Follower of Sif Muna.
             Slain by Grinder (5 damage)
             ... on level 3 of the Dungeon.
             The game lasted 00:04:32 (1744 turns).

GlossyMounting the Skirmisher (Gnoll Wanderer)      Turns: 1744, Time: 00:04:32

Health: 0/35       AC:  2    Str: 15    XL:     3   Next: 75%
Magic:  4/4        EV: 12    Int: 14    God:    Sif Muna [*.....]
Gold:   77         SH:  4    Dex: 14    Spells: 3/3 levels left

rFire    . . .     SeeInvis .   n - +2 spear (pierce)
rCold    . . .     Gourm    .   o - +0 buckler
rNeg     . . .     Faith    .   e - +0 robe
rPois    .         Spirit   .   (no helmet)
rElec    .         Reflect  .   (no cloak)
rCorr    .         Harm     .   (no gloves)
MR       .....                  (no boots)
Stlth    ++........             (no amulet)
HPRegen  0.11/turn              (no ring)
MPRegen  0.09/turn              (no ring)

@: no status effects
A: distributed training, fangs 1, strong nose
a: Divine Energy, Renounce Religion


You were on level 3 of the Dungeon.
You worshipped Sif Muna.
Sif Muna was aware of your devotion.
You were hungry.

You visited 1 branch of the dungeon, and saw 3 of its levels.

You collected 77 gold pieces.

Inventory:

Hand Weapons
 a - a +2 quarterstaff
 d - a +0 blowgun
 n - a +2 spear of piercing (weapon)
Missiles
 c - 25 poisoned needles
Armour
 e - a +0 robe (worn)
 o - a +0 buckler (worn)
Jewellery
 l - an uncursed amulet of magic regeneration {unknown}
Scrolls
 i - a scroll of fog {unknown}
 k - a scroll of immolation {unknown}
 m - a scroll of identify {unknown}
Potions
 b - 2 potions of lignification
 g - 2 potions of curing {unknown}
 h - a potion of brilliance {unknown}
 j - 2 potions of agility {unknown}
Comestibles
 f - 3 rations


   Skills:
 + Level 6.5 Fighting
 + Level 0.9 Short Blades
 + Level 0.9 Long Blades
 + Level 0.9 Axes
 + Level 0.9 Maces & Flails
 + Level 4.5 Polearms
 + Level 4.5 Staves
 + Level 0.9 Slings
 + Level 0.9 Bows
 + Level 0.9 Crossbows
 + Level 4.5 Throwing
 + Level 0.9 Armour
 + Level 2.6 Dodging
 + Level 0.9 Stealth
 + Level 0.9 Shields
 + Level 0.9 Unarmed Combat
 + Level 0.9 Spellcasting
 + Level 0.6 Conjurations
 + Level 0.6 Hexes
 + Level 0.6 Charms
 + Level 0.6 Summonings
 + Level 0.6 Necromancy
 + Level 0.6 Translocations
 + Level 0.6 Transmutations
 + Level 0.6 Fire Magic
 + Level 0.6 Ice Magic
 + Level 0.6 Air Magic
 + Level 0.6 Earth Magic
 + Level 0.6 Poison Magic
 + Level 1.0 Invocations
 + Level 0.9 Evocations


You had 3 spell levels left.
You didn't know any spells.

Dungeon Overview and Level Annotations

Branches:
Dungeon (3/15)

Altars:
Ru
Sif Muna

Annotations:
D:3 Grinder


Innate Abilities, Weirdness & Mutations

Your experience applies equally to all skills.
You have very sharp teeth.
Your uncanny sense of smell can sniff out nearby items.


Message History

You are too injured to fight recklessly!
You are too injured to fight recklessly!
You are too injured to fight recklessly!
You are too injured to fight recklessly!
You are too injured to fight recklessly!
You are too injured to fight recklessly!
You are too injured to fight recklessly!
You are too injured to fight recklessly!
You are too injured to fight recklessly!
You are too injured to fight recklessly!
You are too injured to fight recklessly!
You closely miss Grinder.
Grinder is moderately wounded.
Grinder misses you.
You hit Grinder. You bite Grinder, but do no damage.
Grinder is heavily wounded.
Grinder hits you.
* * * LOW HITPOINT WARNING * * *
You writhe in agony.
You die...

+........
#...../..
###>..%... .
)....#..####..
#...$........
∆...#........
##.##.#......$.
#...<<)@5....#
#.##..#(#....#
....<#......#
###.....###....
+.....# (..
#.....# ..
..#+### . ...


You could see Grinder.

Vanquished Creatures
  2 adders (D:2)
  A leopard gecko (D:1)
  An orc (D:3)
  A ball python (D:1)
  5 bats
  A giant cockroach (D:1)
  2 hobgoblins
  6 kobolds
  2 quokkas (D:2)
  4 frilled lizards
  2 goblins (D:1)
  3 rats
30 creatures vanquished.

Notes
Turn   | Place    | Note
-------+----------+-------------------------------------------
     0 | D:1      | GlossyMounting the Gnoll Wanderer began the quest for the Orb.
     0 | D:1      | GlossyMounting set off with: a +2 quarterstaff, a potion of lignification, 9 poisoned needles, a +0 blowgun, a +0 robe, a ration
     0 | D:1      | Reached XP level 1. HP: 23/23 MP: 1/1
   286 | D:1      | Reached XP level 2. HP: 29/29 MP: 2/2
   991 | D:2      | Reached XP level 3. HP: 34/35 MP: 3/3
  1069 | D:2      | Found a faded altar of an unknown god.
  1090 | D:2      | Became a worshipper of Sif Muna the Loreminder
  1090 | D:2      | Reached * piety under Sif Muna
  1133 | D:2      | Reached skill level 1 in Invocations
  1522 | D:2      | Found a sacrificial altar of Ru.
  1731 | D:3      | Noticed Grinder
  1744 | D:3      | Slain by Grinder

Vault maps used:
D:1:      dpeg_arrival_line_fractal
D:2:      chequers_ecumenical_altar_island, hangedman_ru_absence
D:3:      eino_curves_04, uniq_grinder

Skill      XL: |  1  2  3 |
---------------+----------+-----
Invocations    | 1 |  1.0
Fighting       | |  6.5
Short Blades   | |  0.9
Long Blades    | |  0.9
Axes           | |  0.9
Maces & Flails | |  0.9
Polearms       | |  4.5
Staves         | |  4.5
Slings         | |  0.9
Bows           | |  0.9
Crossbows      | |  0.9
Throwing       | |  4.5
Armour         | |  0.9
Dodging        | |  2.6
Stealth        | |  0.9
Shields        | |  0.9
Unarmed Combat | |  0.9
Spellcasting   | |  0.9
Conjurations   | |  0.6
Hexes          | |  0.6
Charms         | |  0.6
Summonings     | |  0.6
Necromancy     | |  0.6
Translocations | |  0.6
Transmutations | |  0.6
Fire Magic     | |  0.6
Ice Magic      | |  0.6
Air Magic      | |  0.6
Earth Magic    | |  0.6
Poison Magic   | |  0.6
Evocations     | |  0.9

Action                   || total
-------------------------++-------
Melee: Quarterstaff      ||    57
       Bite              ||     8
       Spear             ||    26
 Stab: Sleeping          ||     5
  Eat: Chunk             ||     2
Armor: Robe              ||     9
Dodge: Dodged            ||    49
Block: Buckler           ||     3

Table legend:
 A = Spawn XP
 B = Non-spawn XP
 C = Spawn XP percentage of total XP
 D = Spawn monster count
 E = Non-spawn monster count
 F = Spawn count percentage of total count
 G = Total turns spent on level
                    A         B        C        D         E        F      G
               +---------+---------+-------+---------+---------+-------+---------
         Total |       0 |      70 |   0.0 |       0 |      30 |   0.0 |  1744
               +---------+---------+-------+---------+---------+-------+---------
           D:1 |       0 |      24 |   0.0 |       0 |      14 |   0.0 |  1066
           D:2 |       0 |      42 |   0.0 |       0 |      14 |   0.0 |   665
           D:3 |       0 |       4 |   0.0 |       0 |       2 |   0.0 |    13
               +---------+---------+-------+---------+---------+-------+---------
